TOP OF THE 1ST |
Red Deer Wranglers batting - Pitching for Bismark Border Guards : RHP Michael Morris
|
Pitching: RHP Michael Morris
|
|
Batting: LHB Francisco Blanco
|
0-0: Foul Ball, location: 2F 0-1: Ball 1-1: Swinging Strike 1-2: Ball 2-2: Foul Ball, location: 2F 2-2: Foul Ball, location: 2F 2-2: Foul Ball, location: 2F 2-2: Strikes out swinging
|
Batting: LHB Jorge Olvera
|
0-0: Ball 1-0: Swinging Strike 1-1: Ball 2-1: Swinging Strike 2-2: Ball 3-2: Base on Balls
|
Batting: RHB Steve Burton
|
0-0: Ball 1-0: Foul Ball, location: 2F 1-1: Foul Ball, location: 2F 1-2: Strikes out looking
|
Batting: LHB Rubén Salazar
|
0-0: Called Strike 0-1: Ball 1-1: Ball 2-1: Ball 3-1: SINGLE (Groundball, 3L) (infield hit) Jorge Olvera to second
|
Batting: RHB Ben Fisher
|
0-0: Foul Ball, location: 2F 0-1: Ball 1-1: Foul Ball, location: 2F 1-2: Foul Ball, location: 2F 1-2: Strikes out looking
|
Top of the 1st over - 0 runs, 1 hit, 0 errors, 2 left on base; Red Deer 0 - Bismark 0 |
BOTTOM OF THE 1ST |
Bismark Border Guards batting - Pitching for Red Deer Wranglers : RHP Sloan Numbers
|
Pitching: RHP Sloan Numbers
|
|
Batting: LHB Kelsey Scott
|
0-0: Called Strike 0-1: Foul Ball, location: 2F 0-2: Foul Ball, location: 2F 0-2: Ball 1-2: Ground out 4-3 (Groundball, 34D)
|
Batting: RHB Sergio Solíz
|
0-0: Ball 1-0: Ground out 4-3 (Groundball, 4)
|
Batting: RHB Vincent Braun
|
0-0: Ball 1-0: Ball 2-0: Foul Ball, location: 2F 2-1: Ball 3-1: Fly out, F8 (Flyball, 8RD)
|
Bottom of the 1st over - 0 runs, 0 hits, 0 errors, 0 left on base; Red Deer 0 - Bismark 0 |
TOP OF THE 2ND |
Red Deer Wranglers batting - Pitching for Bismark Border Guards : RHP Michael Morris
|
Batting: RHB Rijk de Rade
|
0-0: Ball 1-0: Foul Ball, location: 2F 1-1: Ball 2-1: Ball 3-1: Fly out, F6 (Line Drive, 6)
|
Batting: RHB Joe Wiggs
|
0-0: Called Strike 0-1: Ball 1-1: Called Strike 1-2: Strikes out swinging
|
Batting: RHB Allen Brown
|
0-0: DOUBLE (Line Drive, 8RXD)
|
Batting: RHB Art Cameron
|
0-0: Ball 1-0: Called Strike 1-1: Ball 2-1: Swinging Strike 2-2: Foul Ball, location: 2F 2-2: Strikes out swinging
|
Top of the 2nd over - 0 runs, 1 hit, 0 errors, 1 left on base; Red Deer 0 - Bismark 0 |
BOTTOM OF THE 2ND |
Bismark Border Guards batting - Pitching for Red Deer Wranglers : RHP Sloan Numbers
|
Batting: RHB Enrique Soto
|
0-0: Ball 1-0: Fly out, F3 (Popup, 3F)
|
Batting: RHB Mario Carranza
|
0-0: Ball 1-0: Ball 2-0: Swinging Strike 2-1: Ball 3-1: Base on Balls
|
Batting: RHB Danny Spode
|
0-0: Called Strike 0-1: Ball 1-1: Ball 2-1: DOUBLE (Line Drive, 7LM) Mario Carranza to third Runner from 3rd tries for Home, SAFE, no throw
|
Batting: LHB Cisco Villanueva
|
0-0: Called Strike 0-1: Foul Ball, location: 2F 0-2: Ball 1-2: Ball 2-2: Ground out 4-3 (Groundball, 4S) Danny Spode to third
|
Batting: RHB Leonard Harris
|
0-0: Ball 1-0: Called Strike 1-1: Ball 2-1: Fly out, F5 (Popup, 5S)
|
Bottom of the 2nd over - 1 run, 1 hit, 0 errors, 1 left on base; Red Deer 0 - Bismark 1 |
TOP OF THE 3RD |
Red Deer Wranglers batting - Pitching for Bismark Border Guards : RHP Michael Morris
|
Batting: LHB Francisco Blanco
|
0-0: Called Strike 0-1: Ground out 5-3 (Groundball, 5)
|
Batting: LHB Jorge Olvera
|
0-0: Ball 1-0: Called Strike 1-1: Swinging Strike 1-2: Ball 2-2: Strikes out looking
|
Batting: RHB Steve Burton
|
0-0: Ball 1-0: Ground out 5-3 (Groundball, 56S)
|
Top of the 3rd over - 0 runs, 0 hits, 0 errors, 0 left on base; Red Deer 0 - Bismark 1 |
BOTTOM OF THE 3RD |
Bismark Border Guards batting - Pitching for Red Deer Wranglers : RHP Sloan Numbers
|
Batting: RHB José Vidal
|
0-0: Ball 1-0: Ground out 6-3 (Groundball, 6)
|
Batting: LHB Kelsey Scott
|
0-0: Ball 1-0: Ball 2-0: Ball 3-0: Base on Balls
|
Batting: RHB Sergio Solíz
|
0-0: Ball 1-0: Called Strike 1-1: Hit by Pitch Kelsey Scott to second
|
Batting: RHB Vincent Braun
|
0-0: Foul Ball, location: 2F 0-1: DOUBLE (Line Drive, 7LM) Kelsey Scott scores Sergio Solíz to third
|
Batting: RHB Enrique Soto
|
0-0: Ball 1-0: SINGLE (Groundball, 56D) Sergio Solíz scores Vincent Braun to third Runner from 3rd tries for Home, SAFE, no throw
|
Batting: RHB Mario Carranza
|
0-0: Ball 1-0: Ball Wild Pitch! Enrique Soto to second 2-0: Ball 3-0: Base on Balls
|
Batting: RHB Danny Spode
|
0-0: Called Strike 0-1: Foul Ball, location: 2F 0-2: Ball 1-2: Ball 2-2: SINGLE (Flyball, 89M) Enrique Soto to third Mario Carranza to second Runner from 3rd tries for Home, SAFE, no throw
|
Pitching: RHP Josh Ewing
|
|
Batting: LHB Cisco Villanueva
|
0-0: Swinging Strike 0-1: Ball 1-1: Ball 2-1: Ball 3-1: Foul Ball, location: 2F 3-2: Foul Ball, location: 2F 3-2: Foul Ball, location: 2F 3-2: Base on Balls Mario Carranza to third Danny Spode to second
|
Batting: RHB Leonard Harris
|
0-0: Called Strike 0-1: Ball 1-1: Ball 2-1: Foul Ball, location: 2F 2-2: Foul Ball, location: 2F 2-2: Ball 3-2: Base on Balls Mario Carranza scores Danny Spode to third Cisco Villanueva to second
|
Batting: RHB José Vidal
|
0-0: Called Strike 0-1: Ball 1-1: Ball 2-1: Ball 3-1: Base on Balls Danny Spode scores Cisco Villanueva to third Leonard Harris to second
|
Batting: LHB Kelsey Scott
|
0-0: Ball Wild Pitch! Cisco Villanueva scores Leonard Harris to third José Vidal to second 1-0: DOUBLE (Line Drive, 9LM) Leonard Harris scores José Vidal scores
|
Batting: RHB Sergio Solíz
|
0-0: Ball 1-0: Called Strike 1-1: Swinging Strike 1-2: Foul Ball, location: 2F 1-2: Ground out 5-3 (Groundball, 56)
|
Batting: RHB Vincent Braun
|
0-0: Called Strike 0-1: SINGLE (Line Drive, 4M) Kelsey Scott to third Runner from 3rd tries for Home, SAFE, no throw
|
Batting: RHB Enrique Soto
|
0-0: Ball 1-0: Ball 2-0: Called Strike 2-1: Foul Ball, location: 2F 2-2: Fly out, F8 (Flyball, 8LM)
|
Bottom of the 3rd over - 10 runs, 5 hits, 0 errors, 1 left on base; Red Deer 0 - Bismark 11 |
TOP OF THE 4TH |
Red Deer Wranglers batting - Pitching for Bismark Border Guards : RHP Michael Morris
|
Batting: LHB Rubén Salazar
|
0-0: Called Strike 0-1: Ball 1-1: Fly out, F9 (Flyball, 9LM)
|
Batting: RHB Ben Fisher
|
0-0: Ball 1-0: Foul Ball, location: 2F 1-1: Foul Ball, location: 2F 1-2: Foul Ball, location: 2F 1-2: Foul Ball, location: 2F 1-2: Foul Ball, location: 2F 1-2: Ball 2-2: Strikes out swinging, 2-3 out at first.
|
Batting: RHB Rijk de Rade
|
0-0: Ball 1-0: Foul Ball, location: 2F 1-1: Foul Ball, location: 2F 1-2: Ball 2-2: Ground out 6-3 (Groundball, 6MS)
|
Top of the 4th over - 0 runs, 0 hits, 0 errors, 0 left on base; Red Deer 0 - Bismark 11 |
BOTTOM OF THE 4TH |
Bismark Border Guards batting - Pitching for Red Deer Wranglers : RHP Josh Ewing
|
Batting: RHB Mario Carranza
|
0-0: Ball 1-0: Called Strike 1-1: Ball 2-1: Foul Ball, location: 2F 2-2: Ball 3-2: Ground out 6-3 (Groundball, 6)
|
Batting: RHB Danny Spode
|
0-0: DOUBLE (Line Drive, 78M)
|
Batting: LHB Cisco Villanueva
|
0-0: Ball 1-0: Ball 2-0: Ground out 6-3 (Groundball, 6)
|
Batting: RHB Leonard Harris
|
Balk! Danny Spode to third 0-0: Called Strike 0-1: Foul Ball, location: 2F 0-2: Strikes out swinging
|
Bottom of the 4th over - 0 runs, 1 hit, 0 errors, 1 left on base; Red Deer 0 - Bismark 11 |
TOP OF THE 5TH |
Red Deer Wranglers batting - Pitching for Bismark Border Guards : RHP Michael Morris
|
Batting: RHB Joe Wiggs
|
0-0: Ball 1-0: Foul Ball, location: 2F 1-1: Ball 2-1: Swinging Strike 2-2: Foul Ball, location: 2F 2-2: Strikes out looking
|
Batting: RHB Allen Brown
|
0-0: Ball 1-0: Swinging Strike 1-1: Ball 2-1: Fly out, F6 (Popup, 6MS)
|
Batting: RHB Art Cameron
|
0-0: Called Strike 0-1: Ball 1-1: Fly out, F8 (Line Drive, 8LS)
|
Top of the 5th over - 0 runs, 0 hits, 0 errors, 0 left on base; Red Deer 0 - Bismark 11 |
BOTTOM OF THE 5TH |
Bismark Border Guards batting - Pitching for Red Deer Wranglers : RHP Josh Ewing
|
Batting: RHB José Vidal
|
0-0: Ball 1-0: Ball 2-0: Ground out U3 (Groundball, 2R)
|
Batting: LHB Kelsey Scott
|
0-0: Called Strike 0-1: Foul Ball, location: 2F 0-2: Strikes out swinging
|
Batting: RHB Sergio Solíz
|
0-0: SINGLE (Line Drive, 8RS)
|
Batting: RHB Vincent Braun
|
0-0: Ball 1-0: Ball 2-0: Ball Sergio Solíz is caught stealing 2nd base
|
Bottom of the 5th over - 0 runs, 1 hit, 0 errors, 0 left on base; Red Deer 0 - Bismark 11 |
TOP OF THE 6TH |
Red Deer Wranglers batting - Pitching for Bismark Border Guards : RHP Michael Morris
|
Batting: LHB Francisco Blanco
|
0-0: SINGLE (Groundball, 6MD)
|
Batting: LHB Jorge Olvera
|
0-0: Ball 1-0: Foul Ball, location: 2F 1-1: Foul Ball, location: 2F 1-2: Ball 2-2: SINGLE (Groundball, 6D) Francisco Blanco to second
|
Batting: RHB Steve Burton
|
0-0: Called Strike 0-1: Ball 1-1: Called Strike 1-2: Ball 2-2: Foul Ball, location: 2F 2-2: Ball 3-2: Foul Ball, location: 2F 3-2: Strikes out looking
|
Batting: LHB Rubén Salazar
|
0-0: Called Strike 0-1: Foul Ball, location: 2F 0-2: Foul Ball, location: 2F 0-2: Strikes out swinging
|
Batting: RHB Ben Fisher
|
0-0: 3-RUN HOME RUN (Flyball, 7D), Distance : 379 ft
|
Batting: RHB Rijk de Rade
|
0-0: Ground out 3-1 (Groundball, 34S)
|
Top of the 6th over - 3 runs, 3 hits, 0 errors, 0 left on base; Red Deer 3 - Bismark 11 |
BOTTOM OF THE 6TH |
Bismark Border Guards batting - Pitching for Red Deer Wranglers : RHP Josh Ewing
|
Batting: RHB Vincent Braun
|
0-0: Ball 1-0: Ball 2-0: Fly out, F9 (Flyball, 9S)
|
Batting: RHB Enrique Soto
|
0-0: SINGLE (Line Drive, 9LS)
|
Batting: RHB Mario Carranza
|
0-0: Foul Ball, location: 2F 0-1: Ball 1-1: Foul Ball, location: 2F 1-2: Fly out, F8 (Flyball, 8RD)
|
Batting: RHB Danny Spode
|
0-0: Foul Ball, location: 2F 0-1: Ball 1-1: Ground out 6-3 (Groundball, 6)
|
Bottom of the 6th over - 0 runs, 1 hit, 0 errors, 1 left on base; Red Deer 3 - Bismark 11 |
TOP OF THE 7TH |
Red Deer Wranglers batting - Pitching for Bismark Border Guards : RHP Michael Morris
|
Batting: RHB Joe Wiggs
|
0-0: Swinging Strike 0-1: Foul Ball, location: 2F 0-2: Strikes out swinging
|
Batting: RHB Allen Brown
|
0-0: Ball 1-0: Called Strike 1-1: Ground out 5-3 (Groundball, 5)
|
Batting: RHB Art Cameron
|
0-0: Swinging Strike 0-1: Called Strike 0-2: Ball 1-2: Foul Ball, location: 2F 1-2: Ball 2-2: Foul Ball, location: 2F 2-2: Ball 3-2: Strikes out swinging
|
Top of the 7th over - 0 runs, 0 hits, 0 errors, 0 left on base; Red Deer 3 - Bismark 11 |
BOTTOM OF THE 7TH |
Bismark Border Guards batting - Pitching for Red Deer Wranglers : RHP Josh Ewing
|
Pitching: LHP Tony Sandoval
|
|
Batting: LHB Cisco Villanueva
|
0-0: Fly out, F9 (Flyball, 9S)
|
Batting: RHB Leonard Harris
|
0-0: Called Strike 0-1: DOUBLE (Line Drive, 8LD)
|
Batting: RHB José Vidal
|
0-0: Ball 1-0: Ball 2-0: Fly out, F8 (Flyball, 8LD)
|
Batting: LHB Kelsey Scott
|
0-0: Ball 1-0: Swinging Strike 1-1: Ball 2-1: Fly out, F9 (Flyball, 9S)
|
Bottom of the 7th over - 0 runs, 1 hit, 0 errors, 1 left on base; Red Deer 3 - Bismark 11 |
TOP OF THE 8TH |
Red Deer Wranglers batting - Pitching for Bismark Border Guards : RHP Michael Morris
|
Pitching: RHP Miguel Valenzuela
|
|
Now in LF: Oliver Sánchez
|
|
Batting: LHB Francisco Blanco
|
0-0: Ball 1-0: Ball 2-0: Foul Ball, location: 2F 2-1: Fly out, F8 (Flyball, 8RXD)
|
Batting: LHB Jorge Olvera
|
0-0: Ground out 6-3 (Groundball, 6M)
|
Batting: RHB Steve Burton
|
0-0: Ground out 5-3 (Groundball, 56)
|
Top of the 8th over - 0 runs, 0 hits, 0 errors, 0 left on base; Red Deer 3 - Bismark 11 |
BOTTOM OF THE 8TH |
Bismark Border Guards batting - Pitching for Red Deer Wranglers : LHP Tony Sandoval
|
Batting: RHB Sergio Solíz
|
0-0: Called Strike 0-1: Ball 1-1: Hit by Pitch
|
Batting: RHB Vincent Braun
|
0-0: Swinging Strike 0-1: Foul Ball, location: 2F 0-2: Strikes out swinging
|
Batting: RHB Enrique Soto
|
0-0: Fly out, F5 (Line Drive, 56)
|
Batting: RHB Mario Carranza
|
0-0: Foul Ball, location: 2F 0-1: Ball Throwing error on steal attempt, E2 Sergio Solíz to third 1-1: Foul Ball, location: 2F 1-2: SINGLE (Groundball, 56D) Sergio Solíz scores
|
Batting: RHB Danny Spode
|
0-0: Called Strike 0-1: Called Strike 0-2: Foul Ball, location: 2F 0-2: Foul Ball, location: 2F 0-2: Ball 1-2: Ball 2-2: Ball 3-2: DOUBLE (Groundball, 5L) Mario Carranza to third Mario Carranza scores
|
Batting: LHB Cisco Villanueva
|
0-0: Ball 1-0: Ball 2-0: Ball 3-0: Base on Balls
|
Batting: RHB Oliver Sánchez
|
0-0: Foul Ball, location: 2F 0-1: Ball 1-1: Ball 2-1: Called Strike 2-2: Foul Ball, location: 2F 2-2: Strikes out swinging
|
Bottom of the 8th over - 2 runs, 2 hits, 1 error, 2 left on base; Red Deer 3 - Bismark 13 |
TOP OF THE 9TH |
Red Deer Wranglers batting - Pitching for Bismark Border Guards : RHP Miguel Valenzuela
|
Now at 1B: António Martínez
|
|
Batting: LHB Rubén Salazar
|
0-0: Foul Ball, location: 2F 0-1: Called Strike 0-2: Ball 1-2: Foul Ball, location: 2F 1-2: Ball 2-2: Strikes out swinging
|
Batting: RHB Ben Fisher
|
0-0: Swinging Strike 0-1: Ball 1-1: Foul Ball, location: 2F 1-2: Ball 2-2: Ball 3-2: Strikes out swinging
|
Batting: RHB Rijk de Rade
|
0-0: Called Strike 0-1: Ball 1-1: Fly out, F8 (Flyball, 8RS)
|
Top of the 9th over - 0 runs, 0 hits, 0 errors, 0 left on base; Red Deer 3 - Bismark 13 |
|